 Dungeon Crawl Stone Soup version 0.31-a0-222-gefeffbb62a (webtiles) character file.

Game seed: 14214040387653971210

82 qw the Shooter (level 4, -7/27 HPs)
             Began as a Gargoyle Hexslinger on July 4, 2023.
             Killed by divine providence
             ... invoked by an orc priest
              (16 damage)
             ... on level 3 of the Dungeon.
             The game lasted 00:00:29 (1660 turns).

qw the Shooter (Gargoyle Hexslinger)                Turns: 1660, Time: 00:00:29

Health: -7/27      AC:  8    Str: 12    XL:     4   Next: 43%
Magic:  5/5        EV: 10    Int: 13    God:
Gold:   69         SH:  0    Dex: 14    Spells: 4/5 levels left

rFire   . . .        Y - +1 sling
rCold   . . .        (no shield)
rNeg    + . .        e - +0 ring mail
rPois   inf          (no helmet)
rElec   +            (no cloak)
rCorr   .            (no gloves)
SInv    .            (no boots)
Will    .....        (no amulet)
Stlth   +            (no ring)
HPRegen 0.24/turn    (no ring)
MPRegen 0.09/turn

%: no passive effects
@: no status effects
A: sickness immunity, AC +3, negative energy resistance 1, electricity
resistance, torment resistance 1, petrification resistance
a: no special abilities


You were on level 3 of the Dungeon.
You visited 1 branch of the dungeon, and saw 3 of its levels.

You collected 199 gold pieces.
You spent 130 gold pieces at shops.


Innate Abilities, Weirdness & Mutations

You are immune to sickness and miasma.
Your stone body is resilient. (AC +3)
You are immune to poison.
You resist negative energy. (rN+)
You are resistant to electric shocks. (rElec)
You are resistant to unholy torment.
You are immune to petrification.


   Skills:
 - Level 2.8 Fighting
 + Level 3.7 Ranged Weapons
 - Level 1.5 Dodging
 - Level 1.0 Spellcasting
 - Level 2.6 Hexes


You had 4 spell levels left.
You knew the following spells:

 Your Spells              Type           Power      Damage    Failure   Level
a - Slow                  Hex            28%        N/A       22%         1

Your spell library contained the following spells:

 Spells                   Type           Power      Damage    Failure   Level
 Inner Flame              Hex/Fire       4%         N/A       73%         3
 Portal Projectile        Hex/Tloc       8%         N/A       73%         3
 Cause Fear               Hex            3%         N/A       91%         4

Inventory:

Hand Weapons
 Y - a +1 sling (weapon)
Armour
 c - a +0 cloak
 e - a +0 ring mail (worn)
 f - a +2 pair of gloves
Jewellery
 b - a +6 ring of dexterity
Scrolls
 a - a scroll of identify
 g - a scroll of fog {unknown}
Potions
 d - a potion of curing {unknown}

Dungeon Overview and Level Annotations

Branches:
Dungeon (3/15)

Altars:

Shops:
D:3 [!


Message History

The sling bullet hits the orc priest but does no damage.
You hear a shout!
An orc comes into view. It is wielding a +0 trident.
You shoot a sling bullet.
The sling bullet hits the orc priest but does no damage.
You shoot a sling bullet.
The sling bullet hits the orc priest but does no damage.
The orc priest closely misses you.
The orc priest looks braver for a moment.
You shoot a sling bullet. The sling bullet hits the orc priest.
The orc priest is moderately wounded.
The orc hits you but does no damage.
The orc priest hits you but does no damage.
You shoot a sling bullet. The sling bullet hits the orc priest.
The orc priest is moderately wounded.
The orc hits you from afar with a +0 trident.
The orc priest closely misses you.
You shoot a sling bullet.
The sling bullet hits the orc priest but does no damage.
The orc priest is moderately wounded.
The orc hits you from afar with a +0 trident.
The orc priest hits you but does no damage.
The orc hits you from afar with a +0 trident.
The orc priest mumbles some strange prayers to Beogh against you.
Pain shoots through your body!
You shoot a sling bullet.
The sling bullet barely misses the orc priest.
The orc hits you but does no damage. The orc closely misses you.
The orc priest hits you with a +0 club.
You shoot a sling bullet.
The sling bullet barely misses the orc priest.
The orc hits you from afar with a +0 trident.
The orc priest misses you. The orc hits you with a +0 dagger.
You shoot a sling bullet.
The sling bullet barely misses the orc priest.
The orc barely misses you.
The orc priest invokes the aid of Beogh against you.
Beogh smites you!
Ouch! That really hurt!
You die...

#. #.# .. #.# #. #.#
#. #.## #. ... #.
#.#
######.#####.###.#
#.....o@..<......#
#.###o#o####.#####
..\..# #.#
..##.######.#######.
### ..
..................
..# #
##########.########
#.# #%# #<# #.#
#.### ######.#


You could see an orc priest and 2 orcs.

Vanquished Creatures
  Jessica (D:2)
  2 adders (D:2)
  A worm (D:3)
  A dart slug (D:1)
  2 ball pythons (D:2)
  6 goblins
  3 hobgoblins (D:2)
  4 jackals (D:2)
  2 kobolds
  A quokka (D:2)
  2 bats
  2 frilled lizards (D:1)
  7 rats
34 creatures vanquished.

Notes
Turn   | Place    | Note
-------+----------+-------------------------------------------
     0 | D:1      | qw the Gargoyle Hexslinger began the quest for the Orb.
     0 | D:1      | Reached XP level 1. HP: 12/12 MP: 2/2
     0 | D:1      | 0 ||| qw: Version: 0.3-a-46-gb1f654a
     0 | D:1      | 0 ||| qw: Game counter: 873
     0 | D:1      | 0 ||| qw: Melee chars always use a shield: true
     0 | D:1      | 0 ||| qw: God list: Okawaru
     0 | D:1      | 0 ||| qw: Allow faded altars: false
     0 | D:1      | 0 ||| qw: Do Orc after clearing Dungeon:15 true
     0 | D:1      | 0 ||| qw: Do second Lair branch before Depths: true
     0 | D:1      | 0 ||| qw: Lair rune preference: random
     0 | D:1      | 0 ||| qw: Goals: Normal
     0 | D:1      | 0 ||| PLANNING D:1-11
   142 | D:1      | Reached XP level 2. HP: 16/16 MP: 3/3
   592 | D:1      | 592 ||| UPGRADING to +0 ring mail.
   602 | D:1      | 602 ||| DROPPING +0 robe.
   603 | D:1      | 603 ||| READING scroll labelled CIAPUDWAXOH.
   604 | D:1      | 604 ||| DROPPING scroll of poison.
   621 | D:2      | Reached skill level 3 in Ranged Weapons
   628 | D:2      | Reached XP level 3. HP: 20/20 MP: 4/4
   712 | D:2      | Noticed Jessica
   721 | D:2      | Killed Jessica
   741 | D:2      | Reached XP level 4. HP: 27/27 MP: 5/5
  1081 | D:2      | Found a faded altar of an unknown god.
  1478 | D:2      | 1478 ||| READING 2 scrolls of identify.
  1478 | D:2      | 1478 ||| IDENTIFYING lumpy golden potion
  1479 | D:2      | 1479 ||| DROPPING potion of degeneration.
  1561 | D:3      | Found Ijuymiek's Antique Armour Emporium.
  1568 | D:3      | 1568 ||| BUYING cloak (130 gold).
  1568 | D:3      | Bought a cloak for 130 gold pieces
  1568 | D:3      | 1568 ||| SHOPLISTING pair of boots (130 gold, have 55).
  1568 | D:3      | 1568 ||| SHOPLISTING pair of runed gloves (217 gold, have
                  | 55).
  1648 | D:3      | Found Vecuups's Distillery.
  1660 | D:3      | Killed from afar by an orc priest

Levels and vault maps discovered:
D:1:      minmay_arrival_loop, layout_basic
D:2:      layout_basic, shapermc_ecumenical_altar_acropolis, chequers_garden,
          uniq_jessica
D:3:      layout_loops_ring, tso_metal_star, mainiacjoe_overflow_cross_hatched,
          nzn_wu_jian_contemplation, serial_shops, shop, shop,
          nicolae_shop_crystal, shop

Skill      XL: |  1  2  3 |
---------------+----------+-----
Ranged Weapons | 3 |  3.7
Fighting       | 2 |  2.8
Dodging        | |  1.5
Spellcasting   | |  1.0
Hexes          | |  2.6

Action                     |  1- 3 |  4- 6 || total
---------------------------+-------+-------++-------
   Fire: Sling             |    63 |    46 ||   109
    Use: Scroll            |     1 |     1 ||     2
 Armour: Robe              |     4 |       ||     4
         Ring mail         |    22 |    12 ||    34
  Dodge: Dodged            |    32 |    15 ||    47

Table legend:
 A = Non-vault XP
 B = Vault XP
 C = Vault XP percentage of total XP
 D = Non-vault monster count
 E = Vault monster count
 F = Vault count percentage of total count
                 A         B        C        D         E       F
            +---------+---------+-------+---------+---------+-------
      Total |      81 |      37 |  31.4 |      33 |       1 |   2.9
            +---------+---------+-------+---------+---------+-------
        D:1 |      17 |       0 |   0.0 |      11 |       0 |   0.0
        D:2 |      57 |      37 |  39.4 |      20 |       1 |   4.8
        D:3 |       7 |       0 |   0.0 |       2 |       0 |   0.0
            +---------+---------+-------+---------+---------+-------
